 Dungeon Crawl Stone Soup version 0.19.5 (webtiles) character file.

568 Tadashi the Magician (level 7, -4/37 HPs)
             Began as a Deep Elf Fire Elementalist on Apr 30, 2017.
             Engulfed by a cloud of steam (22 damage)
             ... on level 5 of the Dungeon.
             The game lasted 00:50:27 (7364 turns).

Tadashi the Magician (Deep Elf Fire Elementalist)   Turns: 7364, Time: 00:50:28

Health: -4/37      AC:  4    Str:  4 (5)  XL:     7   Next: 11%
Magic:  17/18      EV: 13    Int: 20 (22) God:
Gold:   202        SH:  0    Dex: 15      Spells: 4 memorised, 8 levels left

rFire  . . .     SeeInvis .     e - +2 short sword (protect)
rCold  . . .     Gourm    .     r - +2 robe
rNeg   . . .     Faith    .     (no shield)
rPois  .         Spirit   .     (no helmet)
rElec  .         Reflect  .     (no cloak)
rCorr  .         Harm     .     (no gloves)
MR     +....                    (no boots)
Stlth  +.........               (no amulet)
                                (no ring)
                                d - ring of protection from magic

@: no status effects
A: no striking features
a: no special abilities


You were on level 5 of the Dungeon.
You were not hungry.

You visited 1 branch of the dungeon, and saw 5 of its levels.

You collected 202 gold pieces.

Inventory:

Hand Weapons
 e - a +2 short sword of protection (weapon)
Armour
 a - a +1 robe
 r - a +2 robe (worn)
Jewellery
 d - a ring of protection from magic (left hand)
 t - a +4 ring of evasion {unknown}
Wands
 p - a wand of paralysis (12/24)
Scrolls
 k - 3 scrolls of remove curse
 m - 2 scrolls of enchant armour
 n - 2 scrolls of identify
 o - 2 scrolls of enchant weapon
Potions
 g - a potion of resistance {unknown}
 h - a potion of cancellation {unknown}
 v - a potion of ambrosia
Books
 b - a book of Flames

   Spells                             Type                      Level
   a - Flame Tongue                   Conjuration/Fire             1
   b - Throw Flame                    Conjuration/Fire             2
   c - Conjure Flame                  Conjuration/Fire             3
   d - Inner Flame                    Hexes/Fire                   3
   e - Sticky Flame                   Conjuration/Fire             4
   f - Fireball                       Conjuration/Fire             5
Comestibles
 c - a bread ration
 f - 5 fruits
 u - a beef jerky


   Skills:
 + Level 0.4 Fighting
 + Level 1.6 Short Blades
 - Level 2.5 Dodging
 + Level 3.1 Stealth
 * Level 6.6 Spellcasting
 * Level 4.0 Conjurations
 * Level 5.4 Fire Magic
 + Level 0.2 Evocations


You had 8 spell levels left.
You knew the following spells:

 Your Spells              Type           Power        Failure   Level  Hunger
a - Flame Tongue          Conj/Fire      ####.        1%          1    None
b - Throw Flame           Conj/Fire      ####..       2%          2    None
c - Fireball              Conj/Fire      ####......   45%         5    #####..
d - Conjure Flame         Conj/Fire      ####....     6%          3    #......


Dungeon Overview and Level Annotations

Branches:
Dungeon (5/15)
 Temple: D:4-7

Altars:

Annotations:
D:4 Sigmund
D:5 1 runed door


Message History

Magic restored.
An adder comes into view.
Casting: Flame Tongue
Confirm with . or Enter, or press ? or * to list all spells.
You can't see any susceptible monsters within range! (Use Z to cast anyway.)
You enter the shallow water.
Moving in this stuff is going to be slow.
The adder hisses angrily.
Casting: Flame Tongue
Confirm with . or Enter, or press ? or * to list all spells.
Aiming: Flame Tongue
Press: ? - help, Shift-Dir - straight line, f - adder
Aim: an adder The flame tongue hits the adder.
You kill the adder!
You are engulfed in a cloud of scalding steam.
Ouch! That really hurt!
You are engulfed in a cloud of scalding steam.
Ouch! That really hurt!
You die...

#........#...'......#..# #..
#........#..##......#..# #..
#........#.>##......#..####..
#####........#####......#..#.....
....#........# #......#..#.#...
....#........# #######'#..#.#...
....#........# #..........#.#...
....#....##########.......##.#.##
....######≈.≈≈≈§@§≈........#.#.##
....# ##########........#.#.##
....#### #..........#.#.##
.......# #######........###.#.##
######.## #..................#.##
#..# #.#####.........####.##
##.PPP.PPPPPPP............##
#.P.......P.P.......#######
#.P.PPPPPPP.P.......# #


There were no monsters in sight!

Vanquished Creatures
  2 slaves (D:5)
  An ogre (D:5)
  A water moccasin skeleton (D:5)
  A crimson imp (D:5)
  2 hounds (D:5)
  Jessica (D:2)
  Ijyb (D:1)
  An iguana (D:5)
  2 worker ants (D:5)
  A worker ant zombie (D:5)
  12 adders
  An adder skeleton (D:5)
  2 worms
  2 dart slugs
  7 leopard geckos
  2 orcs (D:5)
  A ball python (D:1)
  12 bats
  2 giant cockroaches (D:3)
  10 goblins
  8 hobgoblins
  2 jackals (D:5)
  7 frilled lizards
  10 kobolds
  14 rats
105 creatures vanquished.

Notes
Turn   | Place    | Note
-------+----------+-------------------------------------------
     0 | D:1      | Tadashi the Deep Elf Fire Elementalist began the quest for the Orb.
     0 | D:1      | Reached XP level 1. HP: 10/10 MP: 6/6
   269 | D:1      | Reached XP level 2. HP: 13/15 MP: 0/8
   737 | D:1      | Learned a level 2 spell: Throw Flame
  1030 | D:2      | Noticed Ijyb
  1189 | D:1      | Killed Ijyb
  1189 | D:1      | Reached XP level 3. HP: 5/19 MP: 2/10
  1655 | D:2      | Noticed Jessica
  1661 | D:2      | Killed Jessica
  1661 | D:2      | Reached skill level 4 in Spellcasting
  1661 | D:2      | Reached XP level 4. HP: 24/24 MP: 9/12
  1743 | D:2      | Found a faded altar of an unknown god.
  1935 | D:2      | Reached XP level 5. HP: 23/28 MP: 5/14
  1942 | D:2      | Learned a level 5 spell: Fireball
  1946 | D:2      | Learned a level 3 spell: Conjure Flame
  2576 | D:3      | Reached skill level 5 in Spellcasting
  5805 | D:4      | Noticed Sigmund
  5806 | D:4      | Noticed a slave
  5806 | D:4      | Noticed a slave
  5810 | D:4      | Noticed a slave
  5813 | D:4      | Noticed a slave
  5814 | D:5      | Entered Level 5 of the Dungeon
  5872 | D:5      | Reached skill level 1 in Short Blades
  5872 | D:5      | Reached XP level 6. HP: 28/32 MP: 16/16
  6135 | D:5      | Reached skill level 6 in Spellcasting
  6336 | D:5      | Reached skill level 5 in Fire Magic
  6415 | D:5      | Killed a slave
  6584 | D:5      | Reached XP level 7. HP: 31/37 MP: 13/18
  7010 | D:5      | Found a runed door.
  7023 | D:5      | Found a runed door.
  7364 | D:5      | Engulfed by a cloud of steam

Skill      XL: |  1  2  3  4  5  6  7 |
---------------+----------------------+-----
Fire Magic     | 4 5 |  5.4
Spellcasting   | 4 5 6 |  6.6
Conjurations   | 2 3 4 |  4.0
Short Blades   | 1 |  1.6
Stealth        | 3 |  3.1
Fighting       | |  0.4
Dodging        | |  2.5
Evocations     | |  0.2

Action                   |  1- 3 |  4- 6 |  7- 9 || total
-------------------------+-------+-------+-------++-------
Melee: Short sword       |     9 |    57 |     1 ||    67
 Cast: Flame Tongue      |    47 |   132 |    23 ||   202
       Throw Flame       |     3 |     7 |       ||    10
       Conjure Flame     |       |     1 |       ||     1
Evoke: Wand              |       |     1 |       ||     1
  Use: Scroll            |       |    10 |       ||    10
       Potion            |       |     5 |       ||     5
 Stab: Sleeping          |     4 |     3 |       ||     7
       Paralysed         |       |     2 |       ||     2
  Eat: Chunk             |     1 |     1 |       ||     2
       Pizza             |     1 |       |       ||     1
       Meat ration       |       |     2 |       ||     2
       Bread ration      |       |     1 |       ||     1
       Royal jelly       |       |     1 |       ||     1
       Fruit             |       |     1 |       ||     1
Armor: Robe              |     7 |    31 |       ||    38
Dodge: Dodged            |    19 |    43 |       ||    62
